 Dungeon Crawl Stone Soup version 0.29-a0-1023-g6ae1a4a2c7 (webtiles) character file.

Game seed: 7691692092439819210

4472 siradein the Cleaver (level 10, -8/92 HPs)
             Began as a Hill Orc Berserker on Aug 12, 2022.
             Was an Elder of Trog.
             Mangled by Snorg (23 damage)
             ... on level 10 of the Dungeon.
             The game lasted 00:27:01 (10952 turns).

siradein the Cleaver (Hill Orc Berserker)          Turns: 10952, Time: 00:27:02

Health: -8/92      AC: 19    Str: 21    XL:     10   Next: 38%
Magic:  10/10      EV:  9    Int:  7    God:    Trog [****..]
Gold:   512        SH:  5    Dex: 14    Spells: 9/9 levels left

rFire   + . .      SeeInvis .   J - +4 battleaxe (freeze)
rCold   . . .      Faith    .   (shield currently unavailable)
rNeg    . . .      Spirit   .   e - +2 plate armour {rF+}
rPois   +          Reflect  +   g - +0 helmet
rElec   .          Harm     .   p - +0 cloak
rCorr   .          Rampage  .   (no gloves)
Will    +++..                   b - +0 pair of boots
Stlth   ..........              q - amulet of reflection
HPRegen 1.25/turn               x - ring of poison resistance
MPRegen 0.12/turn               v - ring of willpower

@: strong-willed, regenerating
A: no striking features
a: Renounce Religion, Berserk, Trog's Hand, Brothers in Arms


You were on level 10 of the Dungeon.
You worshipped Trog.
Trog was greatly pleased with you.
You visited 1 branch of the dungeon, and saw 10 of its levels.

You collected 587 gold pieces.
You spent 75 gold pieces at shops.

Inventory:

Hand Weapons
 J - a +4 battleaxe of freezing (weapon)
Missiles
 j - 2 javelins (quivered)
 E - 5 boomerangs
 H - a throwing net
Armour
 b - a +0 pair of boots (worn)
 e - a +2 plate armour of fire resistance (worn)
 g - a +0 helmet (worn)
 p - a +0 cloak (worn)
Jewellery
 q - an amulet of reflection (around neck)
 u - a ring of flight
 v - a ring of willpower (right hand)
 x - a ring of poison resistance (left hand)
 z - a +6 ring of intelligence
Wands
 w - a wand of iceblast (17)
 D - a wand of polymorph (6)
 F - a wand of flame (3)
Scrolls
 c - 5 scrolls of fog
 f - 6 scrolls of teleportation
 h - 3 scrolls of immolation
 i - 4 scrolls of enchant armour {unknown}
 l - 5 scrolls of fear
 m - a scroll of blinking {unknown}
 r - 2 scrolls of magic mapping {unknown}
 s - a scroll of poison {unknown}
 y - a scroll of amnesia {unknown}
 G - a scroll of summoning {unknown}
Potions
 a - 5 potions of heal wounds
 d - 3 potions of attraction {unknown}
 k - a potion of mutation
 n - 6 potions of curing
 o - 3 potions of ambrosia
 t - 2 potions of haste {unknown}
 A - 2 potions of flight
 B - a potion of might {unknown}
 C - a potion of magic {unknown}
 I - a potion of berserk rage {unknown}
 K - a potion of cancellation {unknown}


   Skills:
 + Level 9.6 Fighting
 + Level 10.5 Axes
 + Level 8.4 Armour
 + Level 6.4 Dodging


You had 9 spell levels left.
You didn't know any spells.
Your spell library was empty.

Dungeon Overview and Level Annotations

Branches:
Dungeon (10/15)            Temple (0/1) D:7            Lair (0/5) D:9
    Orc: D:9-12

Altars:
Fedhas
Makhleb
Qazlal
Trog
Zin
The Shining One

Shops:
D:6 *   D:7 !   D:9 *:

Annotations:
D:7 1 runed translucent door, Valamore's ghost, novice HOMo
D:10 Snorg


Message History

Snorg moves out of view.
The centaur wields a +0 shortbow.
The centaur shoots an arrow.
The arrow hits you but does no damage. Snorg completely misses you.
Snorg claws you but does no damage. x2
You closely miss Snorg.
The centaur shoots an arrow.
The arrow hits you. Snorg bites you but does no damage.
Snorg closely misses you. Snorg claws you!
You slice Snorg!! You freeze Snorg.
Snorg is moderately wounded.
The centaur unwields a +0 shortbow.
The centaur hits you. The centaur barely misses you.
Snorg bites you but does no damage. Snorg claws you but does no damage.
Snorg claws you.
You hit Snorg. You freeze Snorg.
Snorg is moderately wounded.
You closely miss the centaur. The centaur completely misses you.
You block the centaur's attack.
Snorg goes berserk!
The centaur hits you but does no damage.
The centaur kicks you but does no damage.
You completely miss Snorg.
Snorg is moderately wounded.
You hit the centaur. You freeze the centaur. Snorg bites you. Snorg misses you.
You block Snorg's attack.
The centaur hits you but does no damage.
The centaur kicks you but does no damage.
Snorg bites you!! Snorg claws you! Snorg claws you but does no damage.
The centaur attacks as you move away!
The centaur hits you but does no damage.
The centaur barely misses you.
The centaur wields a +0 shortbow.
The centaur shoots an arrow.
The arrow hits you! Snorg bites you!
* * * LOW HITPOINT WARNING * * *
Snorg claws you but does no damage. Snorg claws you!
* * * LOW HITPOINT WARNING * * *
You feel much better. Snorg closely misses you.
Snorg claws you but does no damage. You block Snorg's attack.
Your skin crawls.
You feel strong-willed. Snorg completely misses you. Snorg claws you!
* * * LOW HITPOINT WARNING * * *
Snorg claws you but does no damage. Snorg bites you!!
You die...

###### #####....#
....#.##.#
....#.##.#
......##.#
....####.#########
....# #.........#
#### ..###
#########@##...###
### ###T#....... #
#..c........ #
#.###<....... # ..
#........ # ...
#........ #######
.. .........
......# #
#.#.###.# #####.#
#.... #


You could see Snorg (berserk) and a centaur.

Vanquished Creatures
  A cyclops (D:7)
  Maurice (D:8)
  A komodo dragon (D:7)
  Grinder (D:6)
  A vampire (D:6)
  5 yaks (D:9)
  A steam dragon (D:7)
  A water moccasin (D:8)
  An orc warrior (D:9)
  2 sky beasts (D:7)
  An ice beast (D:8)
  A black bear (D:5)
  2 kobold brigands (D:7)
  A necrophage (D:7)
  5 bullfrogs
  2 scorpions
  6 wights
  A howler monkey (D:4)
  3 hounds
  2 orc priests (D:7)
  A gnoll bouda (D:9)
  6 iguanas
  Ijyb (D:4)
  Terence (D:2)
  6 orc wizards
  9 gnolls
  6 adders
  2 shadow imps
  A white imp (D:6)
  A worm (D:4)
  A dart slug (D:5)
  35 orcs
  14 ball pythons
  6 bats
  8 endoplasms
  5 giant cockroaches
  11 hobgoblins
  5 jackals (D:4)
  18 kobolds
  5 quokkas
  6 frilled lizards
  5 goblins
  A goblin zombie (D:4)
  5 rats
198 creatures vanquished.

Vanquished Creatures (others)
  An orc wizard (D:8)
  17 plants
  2 withered plants (D:7)
20 creatures vanquished.

Grand Total: 218 creatures vanquished

Notes
Turn   | Place    | Note
-------+----------+-------------------------------------------
     0 | D:1      | siradein the Hill Orc Berserker began the quest for the
                  | Orb.
     0 | D:1      | Reached XP level 1. HP: 19/19 MP: 1/1
   227 | D:1      | Found a faded altar of an unknown god.
   244 | D:1      | Reached XP level 2. HP: 26/27 MP: 2/2
   689 | D:1      | You fall into a shaft and drop 1 floor!
   730 | D:2      | Reached XP level 3. HP: 33/33 MP: 3/3
  1011 | D:2      | Reached ** piety under Trog
  1053 | D:2      | Reached XP level 4. HP: 39/40 MP: 4/4
  1061 | D:2      | Noticed Terence
  1080 | D:2      | Killed Terence
  2291 | D:3      | Reached skill level 5 in Axes
  2291 | D:3      | Reached XP level 5. HP: 47/47 MP: 5/5
  2933 | D:4      | Reached *** piety under Trog
  3102 | D:4      | Reached skill level 5 in Fighting
  3102 | D:4      | Reached XP level 6. HP: 13/56 MP: 6/6
  3108 | D:4      | HP: 4/84 [poisoned by a scorpion]
  3112 | D:4      | HP: 1/84 [poisoned by a scorpion]
  4198 | D:5      | Entered Level 5 of the Dungeon
  4269 | D:5      | Reached skill level 6 in Axes
  4405 | D:5      | Noticed a black bear
  4418 | D:5      | Killed a black bear
  4419 | D:5      | Reached XP level 7. HP: 61/62 MP: 7/7
  4631 | D:5      | Found a bloodstained altar of Trog.
  5152 | D:4      | Noticed Ijyb
  5169 | D:4      | Killed Ijyb
  5872 | D:6      | Noticed Grinder
  5890 | D:6      | Killed Grinder
  5891 | D:6      | Reached skill level 5 in Armour
  6219 | D:6      | Found a glowing silver altar of Zin.
  6237 | D:6      | Reached XP level 8. HP: 56/71 MP: 8/8
  6241 | D:6      | Reached skill level 7 in Axes
  6311 | D:6      | Noticed a vampire
  6346 | D:6      | Killed a vampire
  6975 | D:6      | Found Cocroih's General Store.
  7237 | D:7      | Found a staircase to the Ecumenical Temple.
  7254 | D:7      | Reached **** piety under Trog
  7256 | D:7      | Reached skill level 8 in Axes
  7358 | D:7      | Noticed a cyclops
  7385 | D:7      | Killed a cyclops
  7386 | D:7      | Reached skill level 5 in Dodging
  7386 | D:7      | Reached XP level 9. HP: 30/81 MP: 9/9
  7675 | D:7      | Noticed a komodo dragon
  7683 | D:7      | Killed a komodo dragon
  7774 | D:7      | Found a stormy altar of Qazlal.
  7823 | D:7      | Reached skill level 9 in Axes
  7944 | D:7      | Found a burning altar of Makhleb.
  7951 | D:7      | Found Zobidwumog's Distillery.
  7957 | D:7      | Bought a potion of heal wounds for 75 gold pieces
  8136 | D:7      | Found a glowing golden altar of the Shining One.
  8386 | D:7      | Found a runed translucent door.
  8387 | D:7      | Noticed Valamore's ghost (novice HOMo)
  8581 | D:7      | Found a blossoming altar of Fedhas.
  8776 | D:8      | Noticed Maurice
  9003 | D:8      | Killed Maurice
  9610 | D:8      | Reached XP level 10. HP: 91/91 MP: 10/10
  9980 | D:9      | Reached skill level 10 in Axes
 10046 | D:9      | Found Getibau's Lightly-Used Armoury.
 10119 | D:9      | Found a staircase to the Lair.
 10731 | D:9      | Found Pyazyh's Book Boutique.
 10906 | D:10     | Entered Level 10 of the Dungeon
 10943 | D:10     | Noticed Snorg
 10952 | D:10     | Mangled by Snorg

Illustrated notes

Levels and vault maps discovered:
D:1:      elethiomel_arrival_maze, layout_basic, serial_forest,
          infiniplex_forest_straight_3, infiniplex_forest_zigzag_1,
          infiniplex_forest_lined_corner, infiniplex_forest_end_double,
          infiniplex_forest_join, chequers_ecumenical_altar_island, st_stairs_9,
          minmay_strange_pillars
D:2:      layout_basic, serial_bayou, serial_bayou_pond_c,
          serial_bayou_lagoon_b, serial_bayou_pond_a, serial_bayou_ford_a,
          uniq_terence
D:3:      layout_basic, minmay_cupped
D:4:      minmay_razor_zed, layout_gridville, enter_ossuary_3, minivault_26,
          minmay_ruptured, uniq_ijyb
D:5:      layout_basic, bloody_trog
D:6:      layout_basic, zin_statuary, serial_shops, nicolae_inconvenience_store,
          hangedman_decor_lopped, dk_vineyard_1, uniq_grinder
D:7:      layout_cave_pools, mainiacjoe_overflow_brackets,
          grunt_qazlal_sundering, nicolae_tso_carved_into_rock,
          fedhas_altar_decomposition, minmay_temple_entry_large_hall,
          gammafunk_ghost_grave, serial_shops, nicolae_shop_stone
D:8:      layout_loops_ring, uniq_maurice
D:9:      layout_loops_ring, lair_entry_dummy, serial_shops, shop,
          grunt_ministairs_3, minmay_shop_damaged
D:10:     layout_loops_cross, uniq_erica, uniq_snorg, uniq_erolcha

Skill      XL: |  1  2  3  4  5  6  7  8  9 10 |
---------------+-------------------------------+-----
Fighting       | 4 5 6 7 9 |  9.6
Dodging        | 2 3 5 6 |  6.4
Armour         | 3 4 5 6 7 8 |  8.4
Axes           | 5 6 8 9 10 | 10.5

Action                   |  1- 3 |  4- 6 |  7- 9 | 10-12 || total
-------------------------+-------+-------+-------+-------++-------
Melee: Hand axe          |    81 |   254 |       |       ||   335
       Punch             |       |     2 |     3 |     2 ||     7
       War axe           |       |    10 |   312 |   108 ||   430
       Battleaxe         |       |       |       |    12 ||    12
Invok: Berserk           |     1 |     1 |     8 |     1 ||    11
       Trog's Hand       |       |       |       |     2 ||     2
  Use: Scroll            |       |     8 |     3 |       ||    11
       Potion            |       |     1 |       |     1 ||     2
 Stab: Sleeping          |     1 |       |       |       ||     1
Armor: Animal skin       |     4 |       |       |       ||     4
       Leather armour    |     7 |       |       |       ||     7
       Chain mail        |    16 |   139 |   144 |    15 ||   314
       Plate armour      |       |       |       |    41 ||    41
Dodge: Dodged            |    59 |    96 |   123 |    38 ||   316
Block: Other             |     3 |    63 |    56 |    25 ||   147
       Reflection        |       |     1 |     1 |       ||     2

Table legend: (Time is in decaauts)
 A = Elapsed time spent in this place.
 B = Non-inter-level travel time spent in this place.
 C = Inter-level travel time spent in this place.
 D = Time resting spent in this place.
 E = Time spent auto-exploring this place.
 F = Levels seen in this place.
 G = Mean time per level.
                   A        B        C        D        E       F      G
               +--------+--------+--------+--------+--------+-----+--------+
         Total |  11105 |  10579 |    526 |    802 |   8165 |  10 | 1110.5 |
       Dungeon |  11105 |  10579 |    526 |    802 |   8165 |  10 | 1110.5 |
               +--------+--------+--------+--------+--------+-----+--------+

Top non-repeatable levels by time:
     D:4: 2087 daAuts
     D:6: 1779 daAuts
     D:7: 1449 daAuts
     D:1: 1099 daAuts
     D:9: 985 daAuts
     D:5: 950 daAuts
     D:8: 936 daAuts
     D:3: 900 daAuts
     D:2: 871 daAuts
    D:10: 46 daAuts
